 Dungeon Crawl Stone Soup version 0.30.1-11-g7821555f0a (webtiles) character file.

Game seed: 18043759138751812648

27 Sinnistrad the Slasher (level 2, 0/27 HPs)
             Began as a Minotaur Berserker on Dec 21, 2023.
             Was a Follower of Trog.
             Slain by Natasha (6 damage)
             ... on level 2 of the Dungeon.
             The game lasted 00:13:37 (798 turns).

Sinnistrad the Slasher (Minotaur Berserker)          Turns: 798, Time: 00:13:38

Health: 0/27       AC:  6    Str: 20 (21) XL:     2   Next: 93%
Magic:  1/1        EV: 11    Int:  1 (4)  God:    Trog [*.....]
Gold:   69         SH:  0    Dex:  7 (9)  Spells: 1/1 levels left

rFire   . . .        a - +0 falchion
rCold   . . .        (no shield)
rNeg    . . .        i - +0 ring mail
rPois   .            (helmet restricted)
rElec   .            (no cloak)
rCorr   .            e - +0 pair of gloves
SInv    .            (no boots)
Will    .....        (no amulet) Stlth
                     c - ring of flight
HPRegen 0.24/turn    (no ring)
MPRegen 0.07/turn

%: no passive effects
@: flying, slowed, very slow
A: horns 2, retaliatory headbutt
a: Renounce Religion, Berserk


You were on level 2 of the Dungeon.
You worshipped Trog.
Trog was aware of your devotion.
You visited 1 branch of the dungeon, and saw 2 of its levels.

You collected 69 gold pieces.

Inventory:

Hand Weapons
 a - a +0 falchion (weapon)
 h - a +0 hand axe
 j - a +0 spear
 q - a +0 rapier
Missiles
 f - 6 stones (quivered)
Armour
 b - a +0 animal skin
 e - a +0 pair of gloves (worn)
 i - a +0 ring mail (worn)
 o - a +0 robe
Jewellery
 c - a ring of flight (left hand)
 k - a ring of positive energy
Scrolls
 d - a scroll of teleportation {unknown}
 r - a scroll of enchant weapon {unknown}
Potions
 l - a potion of magic {unknown}
 n - a potion of cancellation {unknown}
 p - a potion of berserk rage {unknown}


   Skills:
 + Level 4.1 Fighting
 + Level 4.4 Long Blades
 + Level 2.6 Armour
 + Level 2.3 Dodging
 + Level 0.3 Stealth


You had one spell level left.
You didn't know any spells.
Your spell library contained the following spells:

 Spells                   Type           Power      Damage    Failure   Level
 Sublimation of Blood     Necr           0%         N/A       87%         2
 Wereblood                Tmut           0%         N/A       87%         2
 Summon Hydra             Summ           0%         N/A       100%        7


Dungeon Overview and Level Annotations

Branches:
Dungeon (2/15)

Altars:

Annotations:
D:2 Natasha


Innate Abilities, Weirdness & Mutations

You have a pair of horns on your head.
You reflexively headbutt those who attack you in melee.


Message History

You headbutt Natasha. The cerulean imp barely misses you.
The frilled lizard attacks as you move away!
The frilled lizard barely misses you.
Natasha casts a spell.
It was a potion of degeneration.
There was something very wrong with that liquid.
You feel weakened.
You feel dopey.
You feel clumsy.
The cerulean imp disappears in a puff of smoke!
The frilled lizard bites you but does no damage.
It was a potion of curing.
You feel better.
Natasha casts a spell.
The frilled lizard bites you but does no damage.
You hit the frilled lizard.
You kill the frilled lizard!
Trog accepts your kill.
Natasha stares at you and mumbles some strange words.
The magic dart hits you!
* * * LOW HITPOINT WARNING * * *
The cerulean imp closely misses you. You furiously retaliate!
You headbutt the cerulean imp!
You see here a frilled lizard corpse.
You closely miss the cerulean imp.
The cerulean imp is severely wounded.
Natasha closely misses you. You furiously retaliate!
You headbutt Natasha.
The cerulean imp hits you but does no damage.
You closely miss the cerulean imp.
The cerulean imp is severely wounded.
Natasha claws you.
* * * LOW HITPOINT WARNING * * *
The cerulean imp barely misses you. You furiously retaliate!
You headbutt the cerulean imp!
You kill the cerulean imp!
The cerulean imp disappears in a puff of smoke!
Natasha casts a spell at you.
You feel yourself slow down. Natasha barely misses you.
You furiously retaliate!
You headbutt Natasha. You completely miss Natasha.
Your headbutt misses Natasha.
Natasha is almost dead.
Natasha claws you.
You die...

#.....##### #......!..#
....:..$†.################
#####....h...............#
#.....###...#........###
#.....## #...#..........#
.......# #.†.#.##.......#
..#.....# #h..#.#........#
.#.#.....####@..#..........#
# #.######.....'..........#
#.######.#...#..........#
..................†...#
######.....###.##.#####
###........#.....#
##.##.##.#.....#
#.##.##.#.....#
..[......>....#


You could see Natasha.

Vanquished Creatures
  An adder (D:2)
  4 bats
  2 endoplasms (D:1)
  A giant cockroach (D:1)
  3 hobgoblins (D:1)
  3 ball pythons
  A frilled lizard (D:2)
  2 rats (D:1)
17 creatures vanquished.

Notes
Turn   | Place    | Note
-------+----------+-------------------------------------------
     0 | D:1      | Sinnistrad the Minotaur Berserker began the quest for the
                  | Orb.
     0 | D:1      | Reached XP level 1. HP: 19/19 MP: 0/0
   615 | D:1      | Reached XP level 2. HP: 26/27 MP: 1/1
   771 | D:2      | Noticed Natasha
   798 | D:2      | Slain by Natasha

Illustrated notes

Levels and vault maps discovered:
D:1:      spicycebolla_arrival_ecumenical, layout_loops_ring
D:2:      layout_basic, uniq_natasha

Skill      XL: |  1  2 |
---------------+-------+-----
Long Blades    | 4 |  4.4
Fighting       | 4 |  4.1
Armour         | |  2.6
Dodging        | |  2.3
Stealth        | |  0.3

Action                     || total
---------------------------++-------
  Melee: Falchion          ||    33
         Headbutt          ||     4
    Use: Potion            ||     2
 Armour: Animal skin       ||     2
         Ring mail         ||    19
  Dodge: Dodged            ||    40
